 Dungeon Crawl Stone Soup version 0.16-a0-3215-g5dfac0e (webtiles) character file.

70 PolkaDot the Caller (level 4, -1/34 HPs)
             Began as a Vampire Summoner on Dec 20, 2014.
             Slain by Crazy Yiuf
             ... wielding a +3 quarterstaff of chaos
              (4 damage)
             ... on level 3 of the Dungeon.
             The game lasted 00:05:09 (1845 turns).

PolkaDot the Caller (Vampire Summoner)              Turns: 1845, Time: 00:05:09

Health: -1/34      AC:  4    Str:  7    XL:     4   Next: 4%
Magic:  1/7        EV: 18    Int: 15    God:
Gold:   77         SH:  0    Dex: 19    Spells: 3 memorised, 1 level left

rFire  . . .     SeeInvis +     n - +1 spear
rCold  . . .     Clarity  .     a - +0 robe
rNeg   . . .     SustAb   .     (no shield)
rPois  .         Gourm    .     (no helmet)
rElec  .         Spirit   .     (no cloak)
rCorr  .         Warding  .     j - +1 pair of gloves
rMut   .         Stasis   .     (no boots)
MR     .....                    (no amulet)
Stlth  ++++......               (no ring)
                                p - -3 ring of intelligence (curse)

@: agile, very slightly contaminated, regenerating quickly, hasted, very quick,
not resistant to hostile enchantments, stealthy
A: bottle blood, fangs 3, see invisible, unbreathing
a: no special abilities


You were on level 3 of the Dungeon.
You were very full.

You visited 1 branch of the dungeon, and saw 3 of its levels.

You collected 77 gold pieces.

Inventory:

Hand weapons
 n - a +1 spear (weapon)
Armour
 a - a +0 robe (worn)
 j - a +1 pair of gloves (worn)
Jewellery
 p - a cursed -3 ring of intelligence (left hand)
Scrolls
 e - a scroll of blinking
 h - 2 scrolls of teleportation
Potions
 d - a potion of restore abilities
 g - a potion of cancellation
 l - a potion of beneficial mutation {unknown}
 m - a potion of cure mutation {unknown}
 q - a potion of agility
Books
 b - a book of Callings

   Spells                             Type                      Level
   a - Summon Small Mammal            Summoning                    1
   b - Call Imp                       Summoning                    2
   c - Call Canine Familiar           Summoning                    3
   d - Summon Guardian Golem          Hexes/Summoning              4
   e - Summon Lightning Spire         Summoning/Air                4
   f - Summon Ice Beast               Ice/Summoning                4


   Skills:
 * Level 2.3 Fighting
 - Level 2.1 Dodging
 - Level 3.0 Stealth
 - Level 2.0 Spellcasting
 + Level 4.8 Summonings


You had one spell level left.
You knew the following spells:

 Your Spells              Type           Power        Failure   Level  Hunger
d - Call Canine Familiar  Summ           ###.....     12%         3    ###....
s - Call Imp              Summ           ###.....     6%          2    ###....
z - Summon Small Mammal   Summ           ###.         3%          1    #......


Dungeon Overview and Level Annotations

Branches:
Dungeon (3/15)

Altars:
Okawaru

Annotations:
D:3 Crazy Yiuf, Grinder


Innate Abilities, Weirdness & Mutations

Your natural rate of healing is unusually fast.
You can bottle blood from corpses.
You have razor-sharp teeth.
You have supernaturally acute eyesight.
You can survive without breathing.


Message History

* * * LOW HITPOINT WARNING * * *
Drink which item? (? for menu, Esc to quit)
You feel better.
Your hound barely misses Crazy Yiuf.
Your hound bites Crazy Yiuf.
Crazy Yiuf hits you with a quarterstaff of chaos!
* * * LOW HITPOINT WARNING * * *
Drink which item? (? for menu, Esc to quit)
You feel agile all of a sudden.
Your hound bites Crazy Yiuf but does no damage.
Drink which item? (? for menu, Esc to quit)
You feel yourself speed up.
Your hound bites Crazy Yiuf.
Crazy Yiuf misses you.
Your hound bites Crazy Yiuf but does no damage.
You are very lightly contaminated with residual magic.
You catch the helpless Crazy Yiuf momentarily off-guard.
You hit Crazy Yiuf but do no damage.
Crazy Yiuf is severely wounded.
Crazy Yiuf hits you with a quarterstaff of chaos!
* * * LOW HITPOINT WARNING * * *
Crazy Yiuf burns you.
You die...

..... ♣.♣♣ ..... ♣♣.♣♣ ..
.... ♣...♣♣ ..... #..
♣....♣ ##.....##..##
#....#
...>........####..#######
.....)........)..........
............#.#.gh......#
..##....##..###.@.....$..
..# .##........######.#.#
..# .######...## ...
(.##.........###
..#########.##[#
...)...........#
.(###.###.######.
..)...##.........5
..#..............


You could see Crazy Yiuf and a friendly hound.

Vanquished Creatures
  An adder (D:2)
  2 worms
  4 bats
  A giant cockroach (D:3)
  4 goblins (D:1)
  A hobgoblin (D:1)
  9 kobolds
  A ball python (D:2)
  5 giant newts
  5 rats
33 creatures vanquished.

Vanquished Creatures (collateral kills)
  3 worms (D:3)
  An orc (D:3)
  2 bats
  3 goblins
  2 hobgoblins
  A kobold (D:1)
  A giant newt (D:3)
  A rat (D:3)
14 creatures vanquished.

Vanquished Creatures (others)
  A crimson imp (D:3)
  A quokka (D:2)
  A bat (D:1)
3 creatures vanquished.

Grand Total: 50 creatures vanquished

Notes
Turn   | Place    | Note
--------------------------------------------------------------
     0 | D:1      | PolkaDot, the Vampire Summoner, began the quest for the Orb.
     0 | D:1      | Reached XP level 1. HP: 13/13 MP: 3/3
   392 | D:1      | Reached XP level 2. HP: 11/20 MP: 0/4
   508 | D:1      | Reached skill level 1 in Fighting
   854 | D:2      | Reached XP level 3. HP: 18/27 MP: 6/6
  1080 | D:2      | Found an iron altar of Okawaru.
  1450 | D:2      | Learned a level 2 spell: Call Imp
  1454 | D:2      | Learned a level 3 spell: Call Canine Familiar
  1685 | D:3      | Noticed Grinder
  1808 | D:3      | Reached XP level 4. HP: 32/34 MP: 0/7
  1823 | D:3      | Noticed Crazy Yiuf
  1845 | D:3      | Slain by Crazy Yiuf

Action                   |  1- 3 |  4- 6 || total
-------------------------+-------+-------++-------
Melee: Dagger            |    70 |       ||    70
       Unarmed           |    14 |       ||    14
       Spear             |    41 |     6 ||    47
 Cast: Summon Small Mamm |     9 |       ||     9
       Call Imp          |     5 |       ||     5
       Call Canine Famil |     4 |     1 ||     5
  Use: Potion            |     2 |     3 ||     5
       Scroll            |     8 |       ||     8
 Stab: Sleeping          |     1 |       ||     1
       Distracted        |       |     1 ||     1
  Eat: Corpse            |    14 |       ||    14
